 Dungeon Crawl Stone Soup version 0.18-a0-955-g171f012 (webtiles) character file.

2632 Arkorax the Destroyer (level 9, 0/62 HPs)
             Began as a Demigod Conjurer on Dec 31, 2015.
             Slain by a yak (15 damage)
             ... on level 7 of the Dungeon.
             The game lasted 00:18:02 (8647 turns).

Arkorax the Destroyer (Demigod Conjurer)            Turns: 8647, Time: 00:18:02

Health: 0/62       AC:  6    Str: 11    XL:     9   Next: 13%
Magic:  3/25       EV: 13    Int: 25    God:
Gold:   293        SH:  0    Dex: 16    Spells: 4 memorised, 11 levels left

rFire  . . .     SeeInvis .     x - +5 quarterstaff (chaos)
rCold  . . .     Gourm    .     a - +0 robe
rNeg   . . .     Faith    .     (shield currently unavailable)
rPois  .         Spirit   .     J - +0 helmet
rElec  .         Dismiss  .     y - +1 cloak
rCorr  .         Reflect  .     s - +0 pair of gloves
SustAt +         Harm     .     (no boots)
MR     .....                    (no amulet)
Stlth  ++........               G - ring of flight
                                p - +1 ring of evasion

@: very slightly contaminated, not resistant to hostile enchantments, unstealthy
A: high mp 1, sustain attributes
a: Evoke Flight


You were on level 7 of the Dungeon.
You were not hungry.

You visited 1 branch of the dungeon, and saw 8 of its levels.

You collected 353 gold pieces.
You spent 60 gold pieces at shops.

Inventory:

Hand Weapons
 x - a +5 quarterstaff of chaos (weapon)
Armour
 a - a +0 robe (worn)
 s - a +0 pair of gloves (worn)
 y - a +1 cloak (worn)
 J - a +0 helmet (worn)
Magical Staves
 C - an uncursed staff of cold
Jewellery
 p - a +1 ring of evasion (left hand)
 B - a -4 ring of evasion
 G - a ring of flight (right hand)
Wands
 q - a wand of digging (15/24)
 K - a wand of hasting (6/9)
Scrolls
 d - 2 scrolls of remove curse
 e - 5 scrolls of teleportation
 h - a scroll of random uselessness {unknown}
 m - 2 scrolls of fear
 n - a scroll of noise {unknown}
 o - 2 scrolls of identify {unknown}
 t - a scroll of amnesia {unknown}
 A - a scroll of enchant armour {unknown}
 F - a scroll of recharging {unknown}
Potions
 c - 3 potions of heal wounds
 f - a potion of ambrosia {unknown}
 i - 4 potions of resistance {unknown}
 j - 6 potions of curing {unknown}
 k - 2 potions of lignification {unknown}
 r - a potion of mutation {unknown}
 u - 4 potions of agility {unknown}
 v - 3 potions of brilliance {unknown}
 w - a potion of degeneration {unknown}
 z - a potion of flight {unknown}
 I - 2 potions of berserk rage {unknown}
Books
 b - a book of Conjurations

   Spells                             Type                      Level
   a - Magic Dart                     Conjuration                  1
   b - Searing Ray                    Conjuration                  2
   c - Dazzling Spray                 Conjuration/Hexes            3
   d - Fulminant Prism                Conjuration/Hexes            4
   e - Iskenderun's Mystic Blast      Conjuration                  4
   f - Iskenderun's Battlesphere      Conjuration/Charms           5
 H - a book of Minor Magic

   Spells                             Type                      Level
   a - Magic Dart                     Conjuration                  1
   b - Blink                          Translocation                2
   c - Call Imp                       Summoning                    2
   d - Repel Missiles                 Charms/Air                   2
   e - Slow                           Hexes                        2
   f - Conjure Flame                  Conjuration/Fire             3
   g - Mephitic Cloud                 Conjuration/Poison/Air       3
Comestibles
 g - 2 fruits
 l - 2 meat rations
 D - 2 bread rations
 E - 3 slices of pizza
 L - a beef jerky


   Skills:
 - Level 1.7 Dodging
 - Level 1.7 Stealth
 + Level 7.9 Spellcasting
 + Level 9.0 Conjurations


You had 11 spell levels left.
You knew the following spells:

 Your Spells              Type           Power        Failure   Level  Hunger
a - Magic Dart            Conj           ####         1%          1    None
b - Dazzling Spray        Conj/Hex       ####....     2%          3    None
c - Iskenderun's Mystic   Conj           ######..     1%          4    ##.....
d - Fulminant Prism       Conj/Hex       ####......   12%         4    ##.....


Dungeon Overview and Level Annotations

Branches:
Dungeon (8/15)             Temple (0/1) D:5
   Lair: D:8-11

Shops:
D:4 !


Innate Abilities, Weirdness & Mutations

You have an increased reservoir of magic (+10% MP).
Your attributes are resistant to harm.


Message History

Your Conjurations skill increases to level 9!
The yak barely misses you.
Casting: Iskenderun's Mystic Blast
Confirm with . or Enter, or press ? or * to list all spells.
Aiming: Iskenderun's Mystic Blast
Press: ? - help, Shift-Dir - straight line, f/p - yak
Aim: a yak (severely wounded)
The orb of energy hits the yak.
The yak is almost dead.
The orb of energy explodes!
The yak gores you!
* * * LOW HITPOINT WARNING * * *
Casting: Iskenderun's Mystic Blast
Confirm with . or Enter, or press ? or * to list all spells.
Aiming: Iskenderun's Mystic Blast
Press: ? - help, Shift-Dir - straight line, f/p - yak
Aim: a yak (almost dead)
You miscast Iskenderun's Mystic Blast.
You are very lightly contaminated with residual magic.
Strange energies run through your body. The yak gores you!
You die...

....##.##..######.#.##.#
####.# ....##.##.....#
#.#.##.# #†#
......(.......#
#...##.########.#
.......#......#
##..##.##........
..#...........#
#..##.##........
..............#
#..##.##........
....##.###....#
#........#####.#
....##.###....#####.##.##.#
#..
................@Y...#.##.#
####
.#.....###....######.#.##.#
#... .......# ######
#...##.# #.## .......#
#...##.# #.# ########
#..>##.# #.# # #.#.##.# #.#
#.#.##.# #.#
#############.#.##.####.#
#.^.........#.#.##......#


You could see a yak.

Vanquished Creatures
  A yak (D:7)
  A black bear (D:7)
  3 ogres
  An ice beast (D:5)
  2 orc warriors (D:6)
  2 phantoms
  A centaur (D:6)
  A crocodile (D:7)
  4 giant frogs
  A wyvern zombie (D:5)
  A water moccasin skeleton (D:5)
  7 wights
  A scorpion (D:4)
  2 crimson imps
  A wasp zombie (D:4)
  Crazy Yiuf (D:3)
  4 hounds
  A jelly (D:6)
  3 orc wizards
  An orc priest (D:6)
  2 iguanas
  5 worker ants
  A hound zombie (D:6)
  8 adders
  A shadow imp (D:6)
  4 oozes
  2 adder skeletons
  4 worms
  7 giant geckos
  16 orcs
  A ball python (D:3)
  7 bats
  9 giant cockroaches
  7 goblins
  11 hobgoblins
  9 jackals
  7 kobolds
  2 quokkas
  9 giant newts
  5 rats
156 creatures vanquished.

Vanquished Creatures (others)
  2 fulminant prisms (D:8)
2 creatures vanquished.

Grand Total: 158 creatures vanquished

Notes
Turn   | Place    | Note
--------------------------------------------------------------
     0 | D:1      | Arkorax the Demigod Conjurer began the quest for the Orb.
     0 | D:1      | Reached XP level 1. HP: 14/14 MP: 5/5
     2 | D:1      | Noticed a ghoul
     2 | D:1      | Noticed a formicid
     4 | D:1      | Noticed a minotaur
     4 | D:1      | Noticed an elf
     6 | D:1      | Noticed an octopode
     6 | D:1      | Noticed a draconian
     8 | D:1      | Noticed a demonspawn
    10 | D:1      | Noticed a naga
    10 | D:1      | Noticed a tengu
    12 | D:1      | Noticed a centaur
    14 | D:1      | Noticed a demigod
    14 | D:1      | Noticed a merfolk
    17 | D:1      | Noticed a troll
    19 | D:1      | Noticed a vine stalker
    19 | D:1      | Noticed a human
    21 | D:1      | Noticed a dwarf
    21 | D:1      | Noticed a felid
    23 | D:1      | Noticed a spriggan
    23 | D:1      | Noticed an ogre
    25 | D:1      | Noticed a gargoyle
    27 | D:1      | Noticed a vampire
   265 | D:1      | Reached XP level 2. HP: 20/20 MP: 1/7
   678 | D:1      | Reached skill level 4 in Conjurations
  1219 | D:2      | Reached XP level 3. HP: 26/26 MP: 0/9
  1298 | D:2      | Learned a level 3 spell: Dazzling Spray
  2087 | D:2      | Reached XP level 4. HP: 33/33 MP: 6/11
  2182 | D:2      | Learned a level 4 spell: Iskenderun's Mystic Blast
  2481 | D:3      | Found a faded altar to an unknown god.
  2882 | D:3      | Noticed Crazy Yiuf
  2934 | D:3      | Killed Crazy Yiuf
  2934 | D:3      | Reached XP level 5. HP: 32/38 MP: 0/13
  3241 | D:4      | Found Ranwiuco's Distillery.
  3244 | D:4      | Bought a potion of heal wounds for 60 gold pieces
  3299 | D:4      | Reached skill level 5 in Conjurations
  3558 | D:4      | Noticed a phantom
  3599 | D:4      | Killed a phantom
  3711 | D:4      | Found an iron altar of Okawaru.
  3746 | D:4      | Reached XP level 6. HP: 28/45 MP: 1/15
  4196 | D:4      | Reached skill level 6 in Conjurations
  4483 | D:5      | Entered Level 5 of the Dungeon
  4504 | D:5      | Found a staircase to the Ecumenical Temple.
  4638 | D:5      | Reached XP level 7. HP: 47/50 MP: 1/17
  4658 | D:5      | Reached skill level 5 in Spellcasting
  5148 | D:5      | Reached skill level 7 in Conjurations
  5679 | D:6      | Reached XP level 8. HP: 44/57 MP: 7/21
  6070 | D:6      | Found a stormy altar of Qazlal.
  6837 | D:6      | Reached skill level 8 in Conjurations
  7155 | D:6      | Learned a level 4 spell: Fulminant Prism
  8046 | D:7      | Found a radiant altar of Vehumet.
  8116 | D:7      | Reached XP level 9. HP: 62/62 MP: 14/24
  8392 | D:7      | Found a white marble altar of Elyvilon.
  8645 | D:7      | Reached skill level 9 in Conjurations
  8647 | D:7      | Slain by a yak

Vault maps used:
D:1:      kb_arrival_jail, monster_avoids_cloud
D:2:      kennysheep_big_flooded_room
D:3:      ecumenical_altar_2, uniq_crazy_yiuf_cottage
D:4:      kennysheep_spiral_hall, first_bread, serial_shops,
          nicolae_shop_crystal, minivault_14, lemuel_tele_altar
D:5:      minmay_temple_entry_purple_smoke
D:6:      portal_sewer_entry_f, nicolae_qazlal_style_of_elements
D:7:      kennysheep_mini, kennysheep_mini_moat,
          hangedman_abyss_or_decor_lesser_grid
D:8:      enter_bailey_8

Action                   |  1- 3 |  4- 6 |  7- 9 || total
-------------------------+-------+-------+-------++-------
Melee: Unarmed           |    36 |       |       ||    36
       Quarterstaff      |       |    31 |    75 ||   106
 Cast: Magic Dart        |   103 |    73 |       ||   176
       Iskenderun's Myst |       |    32 |    96 ||   128
       Dazzling Spray    |       |     3 |       ||     3
       Fulminant Prism   |       |       |     2 ||     2
  Use: Scroll            |       |     2 |     5 ||     7
  Eat: Fruit             |     2 |       |       ||     2
       Chunk             |     2 |     2 |     8 ||    12
       Bread ration      |       |     1 |       ||     1
       Beef jerky        |       |     2 |       ||     2
       Meat ration       |       |     1 |     3 ||     4
